 Dungeon Crawl Stone Soup version 0.25-a0-404-gc1b5a34292 (webtiles) character file.

Game seed: 2125045989231796104, levelgen mode: deterministic

163 DeadFury222 the Chopper (level 5, -1/47 HPs)
             Began as a Hill Orc Monk on Jan 10, 2020.
             Slain by Grinder (3 damage)
             ... on level 3 of the Dungeon.
             The game lasted 00:07:41 (2529 turns).

DeadFury222 the Chopper (Hill Orc Monk)             Turns: 2529, Time: 00:07:41

Health: -1/47      AC:  6    Str: 15    XL:     5   Next: 44%
Magic:  5/5        EV: 11    Int: 10    God:
Gold:   139        SH:  0    Dex: 13    Spells: 4/4 levels left

rFire    . . .     SeeInvis .   a - +0 hand axe
rCold    . . .     Gourm    +   (no shield)
rNeg     . . .     Faith    .   l - +0 ring mail
rPois    .         Spirit   .   (no helmet)
rElec    .         Reflect  .   (no cloak)
rCorr    .         Harm     .   i - +0 pair of gloves
MR       .....                  (no boots)
Stlth    +.........             p - amulet of the gourmand
HPRegen  0.15/turn              (no ring)
MPRegen  0.09/turn              (no ring)

@: no status effects
A: no striking features
a: no special abilities


You were on level 3 of the Dungeon.
You were not hungry.

You visited 1 branch of the dungeon, and saw 3 of its levels.

You collected 139 gold pieces.

Inventory:

Hand Weapons
 a - a +0 hand axe (weapon)
Missiles
 g - 62 stones (quivered)
Armour
 i - a +0 pair of gloves (worn)
 l - a +0 ring mail (worn)
Jewellery
 p - an amulet of the gourmand (around neck)
 r - a +2 ring of intelligence {unknown}
Scrolls
 b - a scroll of remove curse {unknown}
 h - a scroll of amnesia {unknown}
 m - a scroll of teleportation {unknown}
 n - a scroll of identify {unknown}
 q - a scroll of fog {unknown}
 s - a scroll of fear {unknown}
Potions
 d - a potion of lignification {unknown}
 e - a potion of invisibility {unknown}
 f - 4 potions of curing {unknown}
 j - a potion of brilliance {unknown}
 k - a potion of degeneration {unknown}
Comestibles
 c - 6 rations


   Skills:
 + Level 4.7 Fighting
 * Level 6.2 Axes
 + Level 2.5 Armour
 - Level 2.4 Dodging
 - Level 1.5 Stealth


You had 4 spell levels left.
You didn't know any spells.
Your spell library was empty.

Dungeon Overview and Level Annotations

Branches:
Dungeon (3/15)

Altars:
Fedhas

Annotations:
D:3 Grinder


Message History

Grinder blinks!
Grinder hits you.
* * * LOW HITPOINT WARNING * * *
You writhe in agony.
* * * LOW HITPOINT WARNING * * *
You hit Grinder but do no damage.
Grinder is severely wounded.
Grinder hits you.
* * * LOW HITPOINT WARNING * * *
You barely miss Grinder.
Grinder is severely wounded.
Grinder hits you but does no damage.
You hit Grinder.
Grinder is severely wounded.
Grinder gestures at you.
You barely resist. You hit Grinder but do no damage.
Grinder is severely wounded.
Grinder hits you.
You die...

..# #.##.##.. ..#
#.##.# ## ..# #.##.#
#.# ##.#.#.#
#.###.#######..†###.##
...............## #.#
#.###.#######.#.###.##
#.# #.##.#.####.. #.#
#...@†%...... #.#
.......5........ #.#
####.########### #.#
#. .# #.


You could see Grinder.

Vanquished Creatures
  An orc wizard (D:3)
  4 adders
  An ooze (D:1)
  2 worms
  A dart slug (D:2)
  A leopard gecko (D:2)
  4 orcs (D:3)
  16 bats
  3 giant cockroaches
  14 goblins
  8 hobgoblins
  6 jackals (D:2)
  A quokka (D:2)
  5 frilled lizards
  3 kobolds
  8 rats
78 creatures vanquished.

Notes
Turn   | Place    | Note
-------+----------+-------------------------------------------
     0 | D:1      | DeadFury222 the Hill Orc Monk began the quest for the Orb.
     0 | D:1      | Reached XP level 1. HP: 19/19 MP: 1/1
   109 | D:1      | Reached XP level 2. HP: 25/27 MP: 2/2
   160 | D:1      | Reached skill level 1 in Armour
   300 | D:1      | Reached XP level 3. HP: 21/33 MP: 3/3
   812 | D:2      | Reached skill level 5 in Axes
  1194 | D:2      | Reached XP level 4. HP: 40/40 MP: 4/4
  1873 | D:3      | Reached skill level 6 in Axes
  1873 | D:3      | Reached XP level 5. HP: 20/47 MP: 5/5
  2441 | D:3      | Found a blossoming altar of Fedhas.
  2496 | D:3      | Noticed Grinder
  2509 | D:3      | Paralysed by Grinder for 7 turns
  2526 | D:3      | HP: 2/47 [Grinder (6)]
  2529 | D:3      | Slain by Grinder

Levels and vault maps discovered:
D:1:      mrwooster_arrival_statue_3, layout_basic
D:2:      layout_loops_ring
D:3:      layout_loops_ring, lemuel_crystal_altar, first_ration, hex_medium,
          uniq_grinder

Skill      XL: |  1  2  3  4 |
---------------+-------------+-----
Armour         | 1 2 |  2.5
Fighting       | 4 |  4.7
Axes           | 5 6 |  6.2
Dodging        | |  2.4
Stealth        | |  1.5

Action                   |  1- 3 |  4- 6 || total
-------------------------+-------+-------++-------
Melee: Hand axe          |   132 |   173 ||   305
  Eat: Chunk             |     1 |    10 ||    11
Armor: Robe              |    34 |       ||    34
       Ring mail         |     5 |    79 ||    84
Dodge: Dodged            |   127 |   123 ||   250

Table legend:
 A = Non-vault XP
 B = Vault XP
 C = Vault XP percentage of total XP
 D = Non-vault monster count
 E = Vault monster count
 F = Vault count percentage of total count
                 A         B        C        D         E       F
            +---------+---------+-------+---------+---------+-------
      Total |     233 |       0 |   0.0 |      78 |       0 |   0.0
            +---------+---------+-------+---------+---------+-------
        D:1 |      41 |       0 |   0.0 |      23 |       0 |   0.0
        D:2 |     105 |       0 |   0.0 |      36 |       0 |   0.0
        D:3 |      87 |       0 |   0.0 |      19 |       0 |   0.0
            +---------+---------+-------+---------+---------+-------
